 Dungeon Crawl Stone Soup version 0.30-a0-743-gbfdf073431 (webtiles) character file.

Game seed: 1805704889291380447

406 gelatine the Stinger (level 6, -2/43 HPs)
             Began as a Demonspawn Venom Mage on Feb 7, 2023.
             Splashed by a jelly's acid (10 damage)
             ... on level 4 of the Dungeon.
             The game lasted 00:12:42 (4807 turns).

gelatine the Stinger (Demonspawn Venom Mage)        Turns: 4807, Time: 00:12:42

Health: -2/43      AC: -4    Str:  9    XL:     6   Next: 56%
Magic:  9/10       EV: 14    Int: 18    God:
Gold:   187        SH:  0    Dex: 13    Spells: 1/11 levels left

rFire   . . .      SeeInvis .    i - +0 long sword (venom)
rCold   . . .      Faith    .    (no shield)
rNeg    . . .      Spirit   .    a - +0 robe
rPois   .          Reflect  .    h - +1 helmet
rElec   .          Harm     .    (no cloak)
rCorr   .          Rampage  .    (no gloves)
Will    +....                    (no boots)
Stlth   ++                       (no amulet)
HPRegen 0.27/turn                c - ring of willpower
MPRegen 0.12/turn                (no ring)

@: corroded
A: repulsion field 1, powered by death 2
a: no special abilities


You were on level 4 of the Dungeon.
You visited 1 branch of the dungeon, and saw 4 of its levels.
You also visited: Sewer.

You collected 187 gold pieces.

Inventory:

Hand Weapons
 i - a +0 long sword of venom (weapon)
 j - a +0 short sword
 l - a +0 rapier
 n - a +1 flail of draining
Armour
 a - a +0 robe (worn)
 h - a +1 helmet (worn)
Jewellery
 c - a ring of willpower (left hand)
 q - an amulet of reflection
Wands
 k - a wand of digging (8)
 o - a wand of iceblast (10)
Scrolls
 d - 3 scrolls of teleportation
 f - 2 scrolls of enchant armour
Potions
 b - a potion of magic
 e - a potion of heal wounds
 g - 4 potions of curing {unknown}
 m - a potion of haste {unknown}
 r - 4 potions of flight
 s - a potion of invisibility {unknown}
 u - a potion of attraction {unknown}


   Skills:
 * Level 1.3 Fighting
 + Level 0.5 Short Blades
 + Level 0.7 Maces & Flails
 * Level 2.5 Dodging
 + Level 2.0 Stealth
 + Level 3.2 Spellcasting
 * Level 1.0 Conjurations
 * Level 3.1 Transmutations
 * Level 0.3 Air Magic
 * Level 4.3 Poison Magic
 * Level 1.1 Evocations


You had one spell level left.
You knew the following spells:

 Your Spells              Type           Power      Damage    Failure   Level
a - Sting                 Tmut/Pois      64%        1d6       3%          1
b - Poisonous Vapours     Pois/Air       22%        N/A       9%          2
c - Mephitic Cloud        Conj/Pois/Air  9%         N/A       22%         3
d - Olgreb's Toxic Radia  Pois           18%        N/A       26%         4

Your spell library contained the following spells:

 Spells                   Type           Power      Damage    Failure   Level
 Spider Form              Tmut/Pois      16%        N/A       11%         3
 Blink                    Tloc           4%         N/A       24%         2
 Ensorcelled Hibernation  Hex/Ice        4%         N/A       24%         2
 Anguish                  Hex/Necr       1%         N/A       85%         4
 Manifold Assault         Tloc           2%         N/A       85%         4
 Storm Form               Tmut/Air       4%         N/A       100%        7


Dungeon Overview and Level Annotations

Branches:
Dungeon (4/15)              Sewer (visited)
 Temple: D:4-7

Altars:

Shops:
D:1 ?

Annotations:
D:3 2 runed translucent doors, pigah's ghost, amateur OpWn


Innate Abilities, Weirdness & Mutations

You are surrounded by a mild repulsion field. (EV +2)
You regenerate health from kills.


Message History

A quokka is nearby!
The sting misses the quokka.
The quokka misses you.
The sting misses the quokka.
The quokka bites you.
The sting hits the quokka.
The quokka is poisoned.
The quokka is almost dead.
The quokka bites you but does no damage.
The sting hits the quokka.
The quokka looks even sicker.
You kill the quokka!
You can't see any susceptible monsters within range! (Use Z to cast anyway.) Magic restored.
You see here a +0 long sword of venom.
You see here a +0 long sword of venom.
Your +0 long sword of venom begins to drip with poison!
i - a +0 long sword of venom (weapon)
Found a stone staircase leading down.
Found a stone staircase leading down.
Found a rapier.
You see here a +0 rapier.
l - a +0 rapier
Found a short sword.
You see here a +0 short sword.
A jelly comes into view.
The sting hits the jelly.
The jelly partially resists.
The jelly is lightly wounded.
The jelly quivers.
You hit the jelly.
The jelly is poisoned.
Your hands burn!
The jelly is moderately wounded.
The jelly hits you. The acid corrodes you!
You are splashed with acid!
You hit the jelly but do no damage.
Your hands burn!
The jelly is moderately wounded.
The jelly misses you. The jelly hits you. The acid corrodes you!
You are splashed with acid!
* * * LOW HITPOINT WARNING * * *
You hit the jelly.
The jelly looks as sick as possible!
Your hands burn!
* * * LOW HITPOINT WARNING * * *
The jelly is heavily wounded.
The jelly hits you.
* * * LOW HITPOINT WARNING * * *
The acid corrodes you!
You are splashed with acid!
You die...

.
##...........#####...###..#
..
##..###....#####........#
.. #..##
##...............## ...##
#........#####...######
#... ##..####### #.........
##.# ##..##
#########>....###. ###
##..## #...........### ##
####.###..##
##.J..#.......####.
.........## #.@#
#####........ .>.......#
#..# ######### ##########
#..## # ##.)########
##..##....## # ###..#....##
#### ######...###...
#........## #..#...###


You could see a jelly (extremely poisoned).

Vanquished Creatures
  A necrophage (D:3)
  Jessica (D:2)
  An iguana (D:4)
  A sickly merfolk siren (Sewer)
  A malarious merfolk avatar (Sewer)
  8 adders
  4 gnolls (D:3)
  4 river rats
  2 dart slugs (D:2)
  An orc (D:3)
  10 ball pythons
  4 endoplasms
  11 giant cockroaches
  8 goblins
  13 hobgoblins
  2 kobolds
  6 quokkas
  2 bats
  10 frilled lizards
  23 rats
113 creatures vanquished.

Vanquished Creatures (others)
  2 fungi (D:1)
2 creatures vanquished.

Grand Total: 115 creatures vanquished

Notes
Turn   | Place    | Note
-------+----------+-------------------------------------------
     0 | D:1      | gelatine the Demonspawn Venom Mage began the quest for the
                  | Orb.
     0 | D:1      | Reached XP level 1. HP: 13/13 MP: 3/3
    95 | D:1      | Found Ywkytt's Magic Scroll Shop.
   259 | D:1      | Gained mutation: You are surrounded by a mild repulsion
                  | field. (EV +2) [demonic ancestry]
   259 | D:1      | Reached XP level 2. HP: 19/19 MP: 0/5
   280 | D:1      | Reached skill level 1 in Transmutations
   792 | D:1      | Found a faded altar of an unknown god.
   832 | D:2      | Noticed Jessica
   838 | D:2      | Killed Jessica
   839 | D:2      | Gained mutation: You regenerate a little health from kills.
                  | [demonic ancestry]
   839 | D:2      | Reached XP level 3. HP: 24/24 MP: 2/6
  1241 | D:2      | Gained mutation: You regenerate health from kills. [demonic
                  | ancestry]
  1241 | D:2      | Reached XP level 4. HP: 29/30 MP: 3/8
  2186 | D:3      | Reached skill level 4 in Poison Magic
  2190 | D:3      | Reached XP level 5. HP: 27/35 MP: 1/9
  2848 | D:3      | Found a large runed translucent door.
  2849 | D:3      | Found a large runed translucent door.
  2851 | D:3      | Noticed pigah's ghost (amateur OpWn)
  3314 | D:3      | Learned a level 2 spell: Poisonous Vapours
  3318 | D:3      | Learned a level 3 spell: Mephitic Cloud
  3323 | D:3      | Learned a level 4 spell: Olgreb's Toxic Radiance
  3373 | D:4      | Reached XP level 6. HP: 42/42 MP: 1/10
  3695 | D:4      | Found a glowing drain.
  3708 | D:4      | Reached skill level 1 in Fighting
  3719 | Sewer    | Entered a sewer
  3807 | Sewer    | Reached skill level 1 in Evocations
  4319 | Sewer    | Reached skill level 1 in Conjurations
  4807 | D:4      | Splashed by a jelly's acid

Illustrated notes

Levels and vault maps discovered:
D:1:      onia_arrival_pyramid, layout_rooms, serial_shops,
          nicolae_shop_hallway_stairs, shapermc_ecumenical_altar_hornbeckon
D:2:      layout_loops_ring, uniq_jessica
D:3:      layout_basic, ebering_ghost_disaster_area
D:4:      layout_layer_cave, elyvilon_altar_3, portal_sewer_entry_a,
          nicolae_nh_ransacked_shop, uniq_sigmund

Skill      XL: |  1  2  3  4  5  6 |
---------------+-------------------+-----
Transmutations | 1 2 3 |  3.1
Dodging        | 2 |  2.5
Spellcasting   | 3 |  3.2
Poison Magic   | 4 |  4.3
Stealth        | 2 |  2.0
Fighting       | 1 |  1.3
Evocations     | 1 |  1.1
Conjurations   | 1 |  1.0
Short Blades   | |  0.5
Maces & Flails | |  0.7
Air Magic      | |  0.3

Action                     |  1- 3 |  4- 6 || total
---------------------------+-------+-------++-------
  Melee: Unarmed           |     2 |       ||     2
         Short sword       |     9 |    10 ||    19
         Club              |     1 |       ||     1
         Flail             |       |    63 ||    63
         Long sword        |       |     3 ||     3
         Punch             |       |     1 ||     1
   Cast: Sting             |    59 |   154 ||   213
         Poisonous Vapours |       |     6 ||     6
         Olgreb's Toxic Ra |       |     2 ||     2
         Mephitic Cloud    |       |     1 ||     1
    Use: Scroll            |       |     6 ||     6
         Potion            |       |     1 ||     1
 Armour: Robe              |     6 |    38 ||    44
  Dodge: Dodged            |    31 |   131 ||   162

Table legend: (Time is in decaauts)
 A = Elapsed time spent in this place.
 B = Non-inter-level travel time spent in this place.
 C = Inter-level travel time spent in this place.
 D = Time resting spent in this place.
 E = Time spent auto-exploring this place.
 F = Levels seen in this place.
 G = Mean time per level.
                   A        B        C        D        E       F      G
               +--------+--------+--------+--------+--------+-----+--------+
         Total |   4887 |   4755 |    132 |      0 |   3730 |   5 |  977.4 |
       Dungeon |   3963 |   3831 |    132 |      0 |   3130 |   4 |  990.8 |
         Sewer |    924 |    924 |      0 |      0 |    599 |   1 |  924.0 |
               +--------+--------+--------+--------+--------+-----+--------+

Top non-repeatable levels by time:
     D:2: 1333 daAuts
     D:3: 1191 daAuts
   Sewer: 924 daAuts
     D:1: 830 daAuts
     D:4: 607 daAuts
